[Event "FIDE World Junior U20-ch Girls 2025"]
[Site "Petrovac"]
[Date "2025.03.01"]
[Round "5.34"]
[White "Li, Anna Sofie"]
[Black "Valcu, Lavinia"]
[Result "0-1"]
[Annotator "NA"]
[ECO "B90"]
[WhiteElo "2016"]
[BlackElo "2137"]
[PlyCount "54"]
[EventDate "2025.02.23"]
[EventType "swiss"]
[EventCountry "MNE"]
[SourceTitle "playchess.com"]
[Source "ChessBase"]
[SourceQuality "1"]
[TimeControl "40/5400+30:1800+30"]

1. e4 c5 2. Nf3 d6 3. d4 cxd4 4. Nxd4 Nf6 5. Nc3 a6 6. f3 e6 7. Be3 b5 8. a3 Bb7 9. g4 h6 10. Qd2 Nbd7 11. h4 Rc8 12. O-O-O Ne5 13. Be2 b4 14. axb4 d5 15. g5 Nfd7 16. exd5 Bxb4 17. dxe6 fxe6 18. f4 Bxc3 19. bxc3 Qa5 20. Nb3 Qa3+ 21. Kb1 Be4 22. Nd4 Rxc3 23. fxe5 O-O 24. Qc1 Rb8+ 25. Bb5 Rxb5+ 26. Nxb5 Rb3+ 27. Qb2 Qxb2# 0-1

[Event "FIDE World Junior U20-ch Girls 2025"]
[Site "Petrovac"]
[Date "2025.03.01"]
[Round "5.35"]
[White "Vujatovic, Irina"]
[Black "Lindstad, Livia"]
[Result "0-1"]
[Annotator "NA"]
[ECO "B10"]
[WhiteElo "2042"]
[BlackElo "2017"]
[PlyCount "111"]
[EventDate "2025.02.23"]
[EventType "swiss"]
[EventCountry "MNE"]
[SourceTitle "playchess.com"]
[Source "ChessBase"]
[SourceQuality "1"]
[TimeControl "40/5400+30:1800+30"]

1. e4 c6 2. Nf3 d5 3. Nc3 dxe4 4. Nxe4 Nf6 5. Qe2 Na6 6. d4 Qd5 7. Nxf6+ gxf6 8. Be3 Bg4 9. c4 Qh5 10. O-O-O Bh6 11. Bxh6 Qxh6+ 12. Qe3 Qxe3+ 13. fxe3 f5 14. Rd2 Bxf3 15. gxf3 O-O-O 16. Bh3 e6 17. e4 fxe4 18. fxe4 Kb8 19. a3 e5 20. dxe5 Nc5 21. Rxd8+ Rxd8 22. Kc2 Nxe4 23. Bf5 Ng5 24. h4 Nf3 25. Bxh7 Rh8 26. Be4 Nxe5 27. c5 Ng4 28. Bf3 f5 29. Kd2 Ne5 30. Ke3 Kc7 31. h5 Kd7 32. Kf4 Nd3+ 33. Ke3 Nxc5 34. Rd1+ Ke7 35. Kf4 Kf6 36. b4 Ne6+ 37. Kg3 Ng5 38. Bg2 Rxh5 39. Rd7 Rh7 40. Rxh7 Nxh7 41. b5 cxb5 42. Bxb7 a5 43. Kf4 Ng5 44. Ke3 Ke5 45. Kd3 Ne6 46. Kc3 f4 47. Bg2 Nd4 48. Bf1 f3 49. Kd3 Kd5 50. Ke3 Kc5 51. Bd3 a4 52. Be4 b4 53. axb4+ Kxb4 54. Kd3 a3 55. Bd5 f2 56. Kxd4 0-1

[Event "FIDE World Junior U20-ch Girls 2025"]
[Site "Petrovac"]
[Date "2025.03.01"]
[Round "5.36"]
[White "Radenkovic, Mila"]
[Black "Hernandez Diaz, Paula Sofia"]
[Result "1/2-1/2"]
[Annotator "NA"]
[ECO "A04"]
[WhiteElo "2027"]
[BlackElo "1972"]
[PlyCount "126"]
[EventDate "2025.02.23"]
[EventType "swiss"]
[EventCountry "MNE"]
[SourceTitle "playchess.com"]
[Source "ChessBase"]
[SourceQuality "1"]
[TimeControl "40/5400+30:1800+30"]

1. Nf3 c5 2. g3 Nc6 3. Bg2 g6 4. O-O Bg7 5. Re1 e5 6. e4 Nge7 7. d3 O-O 8. c3 d6 9. Be3 h6 10. Qd2 Kh7 11. d4 cxd4 12. cxd4 f5 13. exf5 Nxf5 14. dxe5 Nxe3 15. Rxe3 dxe5 16. Nc3 Bg4 17. Rd3 Qe7 18. Ne1 Nb4 19. Nd5 Nxd5 20. Rxd5 Be6 21. Rd3 Rad8 22. Be4 Bf5 23. Bxf5 gxf5 24. Rd1 Rxd3 25. Qxd3 Qb4 26. a3 Qb6 27. b3 Kh8 28. Ng2 f4 29. Rd2 fxg3 30. hxg3 Qd4 31. Qxd4 exd4 32. Nf4 Rc8 33. Ne2 Rd8 34. Kg2 Kh7 35. f4 Kg6 36. Rd3 h5 37. Kf3 Kf5 38. Ng1 Bf6 39. Nh3 Rc8 40. Nf2 Rc3 41. Ke2 Rc2+ 42. Kf3 Rc3 43. a4 a5 44. Rxc3 dxc3 45. Ke3 c2 46. Kd2 Bd4 47. Nd3 Kg4 48. Nc1 Kf3 49. f5 Bf6 50. Kxc2 Kxg3 51. Kd3 Kf3 52. Ne2 h4 53. Ng1+ Kg2 54. Ne2 h3 55. Nf4+ Kg3 56. Nxh3 Kxh3 57. Kc4 b6 58. Kb5 Bd4 59. b4 axb4 60. Kxb4 Kg4 61. a5 bxa5+ 62. Kxa5 Kxf5 63. Kb5 Ke5 1/2-1/2

[Event "FIDE World Junior U20-ch Girls 2025"]
[Site "Petrovac"]
[Date "2025.03.01"]
[Round "5.37"]
[White "Shohradova, Lala"]
[Black "Seyilhanova, Gulmira"]
[Result "0-1"]
[Annotator "NA"]
[ECO "E71"]
[WhiteElo "2025"]
[BlackElo "1939"]
[PlyCount "106"]
[EventDate "2025.02.23"]
[EventType "swiss"]
[EventCountry "MNE"]
[SourceTitle "playchess.com"]
[Source "ChessBase"]
[SourceQuality "1"]
[TimeControl "40/5400+30:1800+30"]

1. d4 Nf6 2. c4 g6 3. Nc3 Bg7 4. e4 d6 5. h3 Nc6 6. Be3 O-O 7. d5 Nb8 8. g4 c6 9. g5 Nfd7 10. h4 cxd5 11. cxd5 b5 12. Bxb5 Qa5 13. Be2 Na6 14. Bd4 Qb4 15. Nf3 Ne5 16. Nxe5 Bxe5 17. Bxe5 dxe5 18. Rb1 Nc5 19. a3 Qb3 20. Qd2 Rb8 21. h5 Rb6 22. Qe3 Nb7 23. Qg3 f5 24. Qxe5 fxe4 25. h6 Rf7 26. Bd1 Qc4 27. Be2 Qc5 28. Nxe4 Qc2 29. O-O Bf5 30. Rfc1 Qa4 31. Ng3 Nd6 32. Rc7 Bxb1 33. Rxe7 Qf4 34. Qxf4 Rxf4 35. Rg7+ Kh8 36. Rxa7 Rf8 37. b4 Ne4 38. Nxe4 Bxe4 39. Rd7 Rbb8 40. b5 Rf5 41. d6 Rxg5+ 42. Kf1 Rd5 43. a4 Bf5 44. Rc7 Rxd6 45. a5 g5 46. a6 Be4 47. a7 Rf8 48. Rc4 Ba8 49. Rb4 Rxh6 50. Bd3 Bf3 51. Ke1 Rd6 52. Bc2 Re8+ 53. Kf1 Rh6 0-1

[Event "FIDE World Junior U20-ch Girls 2025"]
[Site "Petrovac"]
[Date "2025.03.01"]
[Round "5.38"]
[White "Sovetbekova, Nurai"]
[Black "Canino, Ruelle"]
[Result "1-0"]
[Annotator "NA"]
[ECO "A40"]
[WhiteElo "1940"]
[BlackElo "2179"]
[PlyCount "93"]
[EventDate "2025.02.23"]
[EventType "swiss"]
[EventCountry "MNE"]
[SourceTitle "playchess.com"]
[Source "ChessBase"]
[SourceQuality "1"]
[TimeControl "40/5400+30:1800+30"]

1. d4 g6 2. Nf3 Bg7 3. g3 d6 4. Bg2 Nd7 5. O-O e5 6. c4 Ne7 7. dxe5 dxe5 8. Qc2 c6 9. Nc3 Qc7 10. Rd1 O-O 11. b3 Nf5 12. e3 Re8 13. Bb2 Nf8 14. Ne4 h5 15. c5 Qe7 16. Rd2 Nh6 17. Nd6 Rd8 18. Rad1 Bg4 19. h3 Bxf3 20. Bxf3 Ne6 21. b4 Rab8 22. Be2 Ng5 23. h4 Ne6 24. Nc4 Rxd2 25. Rxd2 Nc7 26. a3 f5 27. Rd6 Kh7 28. Qd3 e4 29. Rd7 exd3 30. Rxe7 Ne8 31. Bxd3 Ng8 32. Rf7 Ngf6 33. Nd6 Kg8 34. Bxf6 Nxf6 35. Bc4 Kh8 36. Rxb7 Rxb7 37. Nxb7 Ne4 38. Nd8 Bb2 39. a4 a5 40. bxa5 Nxc5 41. a6 Nxa4 42. a7 Nb6 43. Nxc6 Kg7 44. Ba6 Kf6 45. Nb4 Ke6 46. Bb7 Ba3 47. Nc2 1-0

[Event "FIDE World Junior U20-ch Girls 2025"]
[Site "Petrovac"]
[Date "2025.03.01"]
[Round "5.39"]
[White "Hernandez, Lexie Grace"]
[Black "Bochnickova, Simona"]
[Result "1/2-1/2"]
[Annotator "ChessBase"]
[ECO "D00"]
[WhiteElo "1892"]
[BlackElo "2171"]
[PlyCount "119"]
[EventDate "2025.02.23"]
[EventType "swiss"]
[EventCountry "MNE"]
[SourceTitle "playchess.com"]
[Source "ChessBase"]
[SourceQuality "1"]
[TimeControl "40/5400+30:1800+30"]

1. d4 d5 2. Bf4 Nf6 3. e3 e6 4. Nf3 c5 5. c3 Bd6 6. Bg3 O-O 7. Bd3 Qc7 8. Ne5 Nbd7 9. f4 Ne4 10. Bxe4 dxe4 11. Nd2 f5 12. Ndc4 Be7 13. d5 Nxe5 14. fxe5 exd5 15. Qxd5+ Kh8 16. O-O-O Qc6 17. Nd6 Qxd5 18. Rxd5 Be6 19. Rd2 b6 20. b3 a5 21. c4 a4 22. Kb2 Ra5 23. Nb5 axb3 24. axb3 g5 25. Rf1 Rfa8 26. Nc7 Ra2+ 27. Kc3 Rxd2 28. Kxd2 Ra2+ 29. Kc3 Bc8 30. Nd5 Bd8 31. b4 Ra3+ 32. Kb2 Rd3 33. bxc5 bxc5 34. Ra1 Bb7 35. Ra7 Bxd5 36. cxd5 Rxd5 37. e6 Bf6+ 38. Kc2 Kg8 39. Rf7 Bd8 40. h4 h6 41. hxg5 Bxg5 42. Bc7 Bxe3 43. Rd7 Rd4 44. Rf7 Rd5 45. Rd7 Rxd7 46. exd7 Bg5 47. d8=Q+ Bxd8 48. Bxd8 Kf7 49. Bb6 Kg6 50. Bxc5 Kg5 51. Kd2 Kg4 52. Bd6 f4 53. Ke2 Kg3 54. Bc7 h5 55. Bd6 h4 56. Bc7 Kxg2 57. Bxf4 h3 58. Ke3 h2 59. Bxh2 Kxh2 60. Kxe4 1/2-1/2

[Event "FIDE World Junior U20-ch Girls 2025"]
[Site "Petrovac"]
[Date "2025.03.01"]
[Round "5.40"]
[White "Peglau, Dora"]
[Black "Mickunaite, Agne"]
[Result "1-0"]
[Annotator "NA"]
[ECO "E92"]
[WhiteElo "2134"]
[BlackElo "1918"]
[PlyCount "117"]
[EventDate "2025.02.23"]
[EventType "swiss"]
[EventCountry "MNE"]
[SourceTitle "playchess.com"]
[Source "ChessBase"]
[SourceQuality "1"]
[TimeControl "40/5400+30:1800+30"]

1. d4 Nf6 2. c4 g6 3. Nc3 Bg7 4. e4 d6 5. Nf3 O-O 6. Be3 e5 7. Be2 Nc6 8. d5 Ne7 9. Nd2 Nd7 10. f3 f5 11. Qc2 f4 12. Bf2 a5 13. O-O-O Nc5 14. g4 h6 15. h4 b6 16. g5 h5 17. Bf1 Bd7 18. Bh3 Bxh3 19. Rxh3 Qd7 20. Rhh1 Rfb8 21. Ndb1 Nc8 22. Na3 Bf8 23. Kd2 Be7 24. Ke2 Ra6 25. Kf1 Kf7 26. Kg2 Na7 27. b3 Ra8 28. Rc1 Kg7 29. Rhd1 Kf7 30. Nab5 Kg7 31. a3 Nxb5 32. Nxb5 Nb7 33. Qb2 Bd8 34. Ra1 Kf7 35. b4 Ke8 36. Qc3 Ke7 37. Re1 Ke8 38. Qb2 Ke7 39. Nc3 Qc8 40. Ne2 axb4 41. axb4 Kf7 42. c5 bxc5 43. bxc5 Ra5 44. c6 Nc5 45. Bxc5 Rxc5 46. Qb7 Qxb7 47. cxb7 Rb8 48. Ra8 Rxb7 49. Rxd8 Rb2 50. Ra8 Rcc2 51. Kf1 Rb3 52. Kf2 Rbb2 53. Ra6 Ke7 54. Rc6 Rxc6 55. dxc6 Ke6 56. Rd1 Rc2 57. Rc1 Rb2 58. Ke1 Rb3 59. Nc3 1-0

[Event "FIDE World Junior U20-ch Girls 2025"]
[Site "Petrovac"]
[Date "2025.03.01"]
[Round "5.41"]
[White "Shuqja, Klean"]
[Black "Djukic, Katarina"]
[Result "1-0"]
[Annotator "NA"]
[ECO "B52"]
[WhiteElo "2049"]
[BlackElo "1786"]
[PlyCount "75"]
[EventDate "2025.02.23"]
[EventType "swiss"]
[EventCountry "MNE"]
[SourceTitle "playchess.com"]
[Source "ChessBase"]
[SourceQuality "1"]
[TimeControl "40/5400+30:1800+30"]

1. e4 c5 2. Nf3 d6 3. Bb5+ Bd7 4. Bxd7+ Qxd7 5. O-O Nc6 6. c4 Nf6 7. Nc3 g6 8. d4 cxd4 9. Nxd4 Bg7 10. Re1 O-O 11. Nc2 a6 12. f3 Na5 13. Qd3 Rfc8 14. Ne3 Rab8 15. Bd2 b5 16. cxb5 axb5 17. Rab1 b4 18. Ncd5 Nc6 19. Nxf6+ Bxf6 20. Nd5 Bg7 21. Kh1 e6 22. Ne3 Ne5 23. Qb3 Qb5 24. Rec1 Rc5 25. Nc2 Nd3 26. Rf1 Nxb2 27. Nxb4 Nc4 28. Bf4 e5 29. Be3 Nxe3 30. Qxe3 Rc4 31. a3 d5 32. exd5 Bf8 33. Qxe5 Bxb4 34. axb4 Rxb4 35. Rbd1 Rd8 36. h3 Rb2 37. Rfe1 Qc5 38. Qxb2 1-0

[Event "FIDE World Junior U20-ch Girls 2025"]
[Site "Petrovac"]
[Date "2025.03.01"]
[Round "5.42"]
[White "Huseynova, Lala"]
[Black "Popovic, Mateja"]
[Result "1-0"]
[Annotator "NA"]
[ECO "B47"]
[WhiteElo "2032"]
[BlackElo "1917"]
[PlyCount "93"]
[EventDate "2025.02.23"]
[EventType "swiss"]
[EventCountry "MNE"]
[SourceTitle "playchess.com"]
[Source "ChessBase"]
[SourceQuality "1"]
[TimeControl "40/5400+30:1800+30"]

1. e4 c5 2. Nf3 e6 3. d4 cxd4 4. Nxd4 Nc6 5. Nc3 Qc7 6. g3 a6 7. Bg2 Nf6 8. O-O Be7 9. Re1 O-O 10. Nxc6 bxc6 11. e5 Nd5 12. Na4 Rd8 13. Bd2 a5 14. a3 Bb7 15. Rc1 Nb6 16. c4 c5 17. Qb3 Nxa4 18. Bxb7 Rdb8 19. Qxa4 Rxb7 20. Bc3 d6 21. Rcd1 Qd7 22. Qxd7 Rxd7 23. exd6 Rxd6 24. Rxd6 Bxd6 25. Rd1 Be7 26. Rd7 Bd8 27. a4 f6 28. Rb7 Kf8 29. Rb5 Ke7 30. Rb7+ Kf8 31. Rb5 Ke7 32. Rxc5 Kd6 33. Rb5 h6 34. Kf1 e5 35. Ke2 Kc6 36. h4 Bc7 37. h5 Kd7 38. Kf3 Ra7 39. Ke4 Ke6 40. g4 Ra6 41. Rb7 Rc6 42. b3 Rc5 43. f3 Rc6 44. Ra7 Rc5 45. Bd2 Kd6 46. Ra6+ Ke7 47. Be3 1-0

[Event "FIDE World Junior U20-ch Girls 2025"]
[Site "Petrovac"]
[Date "2025.03.01"]
[Round "5.43"]
[White "Blauhut, Anna"]
[Black "Karacsonyi, Luca"]
[Result "1/2-1/2"]
[Annotator "NA"]
[ECO "B32"]
[WhiteElo "1837"]
[BlackElo "2026"]
[PlyCount "109"]
[EventDate "2025.02.23"]
[EventType "swiss"]
[EventCountry "MNE"]
[SourceTitle "playchess.com"]
[Source "ChessBase"]
[SourceQuality "1"]
[TimeControl "40/5400+30:1800+30"]

1. e4 c5 2. Nf3 a6 3. c4 Nc6 4. d4 cxd4 5. Nxd4 e5 6. Nf5 d5 7. cxd5 Bxf5 8. exf5 Nd4 9. Nc3 Nf6 10. Bd3 Be7 11. O-O O-O 12. Re1 Nxd5 13. Nxd5 Qxd5 14. Qg4 Bf6 15. Bh6 Qd7 16. h4 Kh8 17. Bg5 Rg8 18. Rad1 Rac8 19. Re3 Qd6 20. Rh3 g6 21. fxg6 fxg6 22. h5 Bxg5 23. hxg6 Rc7 24. Qxg5 e4 25. Qh5 Rxg6 26. Bxe4 Rg5 27. Qe8+ Rg8 28. Qa4 Ne2+ 29. Kh1 Qf6 30. Bf3 Nf4 31. Rh2 b5 32. Qe4 Re7 33. Qc2 Qe5 34. Rh4 Qf6 35. Rg4 Rxg4 36. Bxg4 Qh4+ 37. Bh3 Nxh3 38. Qc3+ Kg8 39. gxh3 Qe4+ 40. Kh2 Qf4+ 41. Qg3+ Qxg3+ 42. Kxg3 Re2 43. Rd8+ Kg7 44. Ra8 Rxb2 45. Rxa6 b4 46. f4 b3 47. axb3 Rxb3+ 48. Kg4 h5+ 49. Kxh5 Rxh3+ 50. Kg5 Rb3 51. Ra7+ Kf8 52. f5 Rb6 53. Ra5 Rc6 54. Ra8+ Kf7 55. Ra7+ 1/2-1/2

[Event "FIDE World Junior U20-ch Girls 2025"]
[Site "Petrovac"]
[Date "2025.03.01"]
[Round "5.44"]
[White "Romany, Joy"]
[Black "Ajradinoska, Indzi"]
[Result "1-0"]
[Annotator "NA"]
[ECO "E06"]
[WhiteElo "2025"]
[BlackElo "1761"]
[PlyCount "89"]
[EventDate "2025.02.23"]
[EventType "swiss"]
[EventCountry "MNE"]
[SourceTitle "playchess.com"]
[Source "ChessBase"]
[SourceQuality "1"]
[TimeControl "40/5400+30:1800+30"]

1. d4 e6 2. c4 Nf6 3. g3 d5 4. Bg2 Be7 5. Nf3 O-O 6. O-O c6 7. Qc2 b6 8. Nbd2 Bb7 9. Rd1 Na6 10. e4 dxe4 11. Nxe4 Nb4 12. Qe2 b5 13. a3 Na6 14. Nxf6+ Bxf6 15. cxb5 cxb5 16. Qxb5 Qe7 17. Bf4 Rfd8 18. Rac1 Rd7 19. Ne5 Bxe5 20. Bxe5 Bxg2 21. Kxg2 f6 22. Bf4 e5 23. dxe5 Rxd1 24. Rxd1 Nc5 25. exf6 gxf6 26. Kg1 a6 27. Qc6 Re8 28. Qd5+ Ne6 29. Re1 Kh8 30. Bh6 Qf7 31. Qf5 Kg8 32. Re4 Kh8 33. Rg4 Rd8 34. Re4 Nd4 35. Qf4 Ne6 36. Qe3 Re8 37. Bf4 Qd7 38. Qe2 a5 39. Bd2 a4 40. Bc3 Kg7 41. Qg4+ Kf7 42. Qh5+ Kg7 43. Rg4+ Kf8 44. Qh6+ Ng7 45. Qxf6+ 1-0

[Event "FIDE World Junior U20-ch Girls 2025"]
[Site "Petrovac"]
[Date "2025.03.01"]
[Round "5.45"]
[White "Zelbova, Lada"]
[Black "Djendjinovic, Ines"]
[Result "1-0"]
[Annotator "NA"]
[ECO "D00"]
[WhiteElo "1994"]
[BlackElo "1841"]
[PlyCount "111"]
[EventDate "2025.02.23"]
[EventType "swiss"]
[EventCountry "MNE"]
[SourceTitle "playchess.com"]
[Source "ChessBase"]
[SourceQuality "1"]
[TimeControl "40/5400+30:1800+30"]

1. d4 d5 2. Bf4 e6 3. e3 c5 4. Nd2 cxd4 5. exd4 Nc6 6. c3 Bd6 7. Bxd6 Qxd6 8. Ngf3 Nge7 9. Bd3 O-O 10. O-O Bd7 11. Re1 f6 12. Qc2 Kh8 13. Rad1 e5 14. dxe5 fxe5 15. Bb5 Qf6 16. Nf1 e4 17. Bxc6 Nxc6 18. Nd4 Ne5 19. Ne3 Bc6 20. Rf1 Nd3 21. Qd2 Qh6 22. Nef5 Qxd2 23. Rxd2 Rf6 24. Ne3 Raf8 25. Ng4 Rd6 26. Ne3 Bd7 27. f3 g6 28. fxe4 Rxf1+ 29. Kxf1 dxe4 30. Kg1 b5 31. a3 Nc5 32. h3 a5 33. Re2 b4 34. Nc4 Ra6 35. cxb4 axb4 36. axb4 Nd3 37. Rxe4 Nxb4 38. Re7 Bf5 39. Nxf5 gxf5 40. Rf7 Rc6 41. Ne3 f4 42. Rxf4 Nd3 43. Rf8+ Kg7 44. Rb8 Rc1+ 45. Kh2 Rb1 46. Nc4 Rc1 47. b3 Nc5 48. Ne5 Rb1 49. b4 Ne4 50. b5 h5 51. h4 Nd6 52. b6 Rb3 53. Nc6 Nc4 54. b7 Nd6 55. Na5 Rb4 56. g3 1-0

[Event "FIDE World Junior U20-ch Girls 2025"]
[Site "Petrovac"]
[Date "2025.03.01"]
[Round "5.46"]
[White "Kaloki, Zuri"]
[Black "Zito, Enrica"]
[Result "0-1"]
[Annotator "NA"]
[ECO "C55"]
[WhiteElo "1784"]
[BlackElo "1941"]
[PlyCount "60"]
[EventDate "2025.02.23"]
[EventType "swiss"]
[EventCountry "MNE"]
[SourceTitle "playchess.com"]
[Source "ChessBase"]
[SourceQuality "1"]
[TimeControl "40/5400+30:1800+30"]

1. e4 e5 2. Nf3 Nc6 3. Bc4 Nf6 4. d3 h6 5. O-O d6 6. h3 Na5 7. Bb3 Nxb3 8. axb3 g5 9. Nh2 Be6 10. Nc3 Qd7 11. d4 exd4 12. Qxd4 Bg7 13. Rxa7 Rxa7 14. Qxa7 O-O 15. f4 gxf4 16. Bxf4 Nh5 17. Bd2 c5 18. Qa4 Bd4+ 19. Rf2 Qe7 20. Nf3 Bxf2+ 21. Kxf2 Qf6 22. Nd5 Qg7 23. g4 Bxd5 24. exd5 Nf6 25. Qf4 Re8 26. Kg1 Ne4 27. Qxh6 Qxb2 28. Ng5 Qd4+ 29. Kh1 Ng3+ 30. Kg2 Re2+ 0-1

[Event "FIDE World Junior U20-ch Girls 2025"]
[Site "Petrovac"]
[Date "2025.03.02"]
[Round "6.1"]
[White "Allahverdiyeva, Ayan"]
[Black "Mgeladze, Kesaria"]
[Result "1/2-1/2"]
[Annotator "ChessBase"]
[ECO "B67"]
[WhiteElo "2284"]
[BlackElo "2219"]
[PlyCount "70"]
[EventDate "2025.02.23"]
[EventType "swiss"]
[EventCountry "MNE"]
[SourceTitle "playchess.com"]
[Source "ChessBase"]
[SourceQuality "1"]
[TimeControl "40/5400+30:1800+30"]

1. e4 c5 2. Nf3 d6 3. d4 cxd4 4. Nxd4 Nf6 5. Nc3 Nc6 6. Bg5 e6 7. Qd2 a6 8. O-O-O Bd7 9. f4 b5 10. Bxf6 gxf6 11. Nxc6 Bxc6 12. Kb1 Qb6 13. f5 O-O-O 14. fxe6 fxe6 15. Bd3 Kb8 16. Rhf1 Be7 17. a3 a5 18. Ne2 d5 19. exd5 Bxd5 20. Nf4 b4 21. Nxd5 Rxd5 22. a4 b3 23. Qe2 bxc2+ 24. Bxc2 Ba3 25. Bd3 Rhd8 26. Bb5 Rxd1+ 27. Rxd1 Rxd1+ 28. Qxd1 Bb4 29. h3 Qd6 30. Qg4 Kb7 31. Qe4+ Kb6 32. Bc4 Qd1+ 33. Ka2 Qxa4+ 34. Kb1 Qd1+ 35. Ka2 Qa4+ 1/2-1/2

[Event "FIDE World Junior U20-ch Girls 2025"]
[Site "Petrovac"]
[Date "2025.03.02"]
[Round "6.2"]
[White "Omonova, Umida"]
[Black "Hrebenshchykova, Yelyzaveta"]
[Result "1/2-1/2"]
[Annotator "ChessBase"]
[ECO "B51"]
[WhiteElo "2228"]
[BlackElo "2259"]
[PlyCount "86"]
[EventDate "2025.02.23"]
[EventType "swiss"]
[EventCountry "MNE"]
[SourceTitle "playchess.com"]
[Source "ChessBase"]
[SourceQuality "1"]
[TimeControl "40/5400+30:1800+30"]

1. e4 c5 2. Nf3 d6 3. Bb5+ Nc6 4. O-O Bd7 5. Re1 Nf6 6. c3 a6 7. Bf1 Bg4 8. h3 Bxf3 9. Qxf3 e6 10. d3 Be7 11. Be3 d5 12. Nd2 O-O 13. exd5 Nxd5 14. Ne4 b6 15. Bd2 Qd7 16. Ng3 b5 17. Nh5 Nf6 18. Nxf6+ Bxf6 19. Be3 Qd6 20. a3 Rac8 21. Rac1 Ne7 22. Bf4 Qd7 23. g4 Ng6 24. Bg3 Bg5 25. Rcd1 f5 26. d4 Nh4 27. Bxh4 Bxh4 28. Re2 Rf6 29. gxf5 Rxf5 30. Qe4 Qe7 31. Qxf5 exf5 32. Rxe7 Bxe7 33. dxc5 Rxc5 34. Rd7 Bg5 35. Rd1 g6 36. Kg2 Rc6 37. Kf3 Kf8 38. Be2 Ke7 39. Ra1 Rb6 40. a4 bxa4 41. Rxa4 Rxb2 42. Rxa6 Rb3 43. Ra7+ Kf6 1/2-1/2

[Event "FIDE World Junior U20-ch Girls 2025"]
[Site "Petrovac"]
[Date "2025.03.02"]
[Round "6.3"]
[White "Velpula Sarayu"]
[Black "Yakimova, Mariya"]
[Result "0-1"]
[Annotator "ChessBase"]
[ECO "B33"]
[WhiteElo "2315"]
[BlackElo "2201"]
[PlyCount "70"]
[EventDate "2025.02.23"]
[EventType "swiss"]
[EventCountry "MNE"]
[SourceTitle "playchess.com"]
[Source "ChessBase"]
[SourceQuality "1"]
[TimeControl "40/5400+30:1800+30"]

1. e4 c5 2. Nf3 Nc6 3. d4 cxd4 4. Nxd4 Nf6 5. Nc3 e5 6. Ndb5 d6 7. Nd5 Nxd5 8. exd5 Nb8 9. a4 Be7 10. Be2 O-O 11. O-O Nd7 12. b4 a6 13. Na3 b6 14. Nc4 a5 15. Rb1 f5 16. f4 Qc7 17. c3 Ba6 18. Qb3 Kh8 19. Ba3 Rac8 20. b5 Bb7 21. fxe5 Nxe5 22. Nxe5 dxe5 23. Bxe7 Qxe7 24. c4 f4 25. Qd3 Rce8 26. Qe4 Bc8 27. g4 Qg5 28. Rb3 Bf5 29. Qg2 Bg6 30. Qf2 e4 31. h4 Qe5 32. h5 e3 33. Qh2 Bc2 34. Ra3 Qb2 35. Raa1 f3 0-1

[Event "FIDE World Junior U20-ch Girls 2025"]
[Site "Petrovac"]
[Date "2025.03.02"]
[Round "6.4"]
[White "Zhapova, Yana"]
[Black "Shukhman, Anna"]
[Result "1/2-1/2"]
[Annotator "ChessBase"]
[ECO "B67"]
[WhiteElo "2234"]
[BlackElo "2365"]
[PlyCount "70"]
[EventDate "2025.02.23"]
[EventType "swiss"]
[EventCountry "MNE"]
[SourceTitle "playchess.com"]
[Source "ChessBase"]
[SourceQuality "1"]
[TimeControl "40/5400+30:1800+30"]

1. e4 c5 2. Nf3 d6 3. d4 cxd4 4. Nxd4 Nf6 5. Nc3 Nc6 6. Bg5 e6 7. Qd2 a6 8. O-O-O Bd7 9. f3 Nxd4 10. Qxd4 h6 11. Be3 Bc6 12. h4 d5 13. exd5 Nxd5 14. Nxd5 Qxd5 15. Bc4 Qxd4 16. Bxd4 Rc8 17. Bd3 h5 18. Rd2 Rg8 19. Bh7 Rh8 20. Bd3 b5 21. Re2 Bd5 22. Kb1 Bc4 23. Bxc4 Rxc4 24. c3 Rc6 25. Rhe1 Kd7 26. Rd1 Rd6 27. Red2 Kc6 28. b3 Be7 29. Bxg7 Rg8 30. Be5 Rxd2 31. Rxd2 Bxh4 32. Rd6+ Kb7 33. Rd7+ Kc6 34. Rd6+ Kb7 35. Rd7+ Kc6 1/2-1/2

[Event "FIDE World Junior U20-ch Girls 2025"]
[Site "Petrovac"]
[Date "2025.03.02"]
[Round "6.5"]
[White "Karmanova, Olga Dm."]
[Black "Lu, Miaoyi"]
[Result "1/2-1/2"]
[Annotator "ChessBase"]
[ECO "A18"]
[WhiteElo "2292"]
[BlackElo "2432"]
[PlyCount "145"]
[EventDate "2025.02.23"]
[EventType "swiss"]
[EventCountry "MNE"]
[SourceTitle "playchess.com"]
[Source "ChessBase"]
[SourceQuality "1"]
[TimeControl "40/5400+30:1800+30"]

1. c4 Nf6 2. Nc3 e6 3. e4 d5 4. e5 d4 5. exf6 dxc3 6. bxc3 Qxf6 7. Nf3 Nc6 8. Bd3 e5 9. O-O Bd6 10. Re1 O-O 11. Be4 Bf5 12. Qc2 Bxe4 13. Qxe4 Qg6 14. Qxg6 hxg6 15. d4 exd4 16. cxd4 b6 17. Be3 Rad8 18. Red1 Rd7 19. Kf1 Rfd8 20. Ke2 f6 21. Rac1 g5 22. d5 Nb4 23. Rd2 Na6 24. Nd4 Nc5 25. Nc6 Ra8 26. Rd4 a5 27. h4 gxh4 28. Rxh4 Rf7 29. Rch1 Rff8 30. Nd4 Kf7 31. Nf5 Rfe8 32. Kf3 Nd3 33. g3 Bf8 34. Kg2 Ne5 35. Rc1 Rac8 36. Nd4 c6 37. dxc6 Bc5 38. Nb5 Bxe3 39. fxe3 Rxc6 40. Rd4 Ke6 41. Rh4 Rc5 42. a4 Rec8 43. Na3 g5 44. Rd4 f5 45. Rb1 R8c6 46. Rc1 g4 47. e4 Nf3 48. exf5+ Kxf5 49. Rf4+ Kg5 50. Nb5 Rh6 51. Rh1 Rxh1 52. Kxh1 Re5 53. Nc3 Nd2 54. Rd4 Nf1 55. Kg2 Nxg3 56. Rd5 Rxd5 57. Nxd5 Nf5 58. Nxb6 Kf4 59. c5 Nh4+ 60. Kg1 Nf3+ 61. Kg2 Nh4+ 62. Kg1 Ke5 63. Nc4+ Kd5 64. Nxa5 Kxc5 65. Kf2 Nf5 66. Nb3+ Kc4 67. Nd2+ Kb4 68. Ne4 Kxa4 69. Nf6 g3+ 70. Kg2 Kb5 71. Ne4 Kc4 72. Nxg3 Nxg3 73. Kxg3 1/2-1/2

[Event "FIDE World Junior U20-ch Girls 2025"]
[Site "Petrovac"]
[Date "2025.03.02"]
[Round "6.6"]
[White "Gaal, Zsoka"]
[Black "Mungunzul, Bat-Erdene"]
[Result "1/2-1/2"]
[Annotator "ChessBase"]
[ECO "D10"]
[WhiteElo "2404"]
[BlackElo "2268"]
[PlyCount "85"]
[EventDate "2025.02.23"]
[EventType "swiss"]
[EventCountry "MNE"]
[SourceTitle "playchess.com"]
[Source "ChessBase"]
[SourceQuality "1"]
[TimeControl "40/5400+30:1800+30"]

1. d4 d5 2. c4 c6 3. Nc3 Nf6 4. e3 a6 5. Nf3 Bf5 6. Qb3 Ra7 7. a4 e6 8. a5 Nbd7 9. Nh4 Bg4 10. h3 Bh5 11. g4 dxc4 12. Bxc4 Nd5 13. Ng2 Bg6 14. Nxd5 exd5 15. Be2 f6 16. Nf4 Bf7 17. Bd3 Bd6 18. Bd2 Qe7 19. Kf1 O-O 20. Qc2 g6 21. h4 Kg7 22. h5 g5 23. h6+ Kh8 24. Nh5 Rd8 25. Ng7 Nf8 26. Re1 Qc7 27. Kg2 Raa8 28. Rhf1 Ng6 29. Kh3 Bf8 30. f4 Bxg7 31. hxg7+ Kxg7 32. fxg5 fxg5 33. Rf5 Qe7 34. Qc5 h6 35. Bb4 Qd7 36. Ref1 Be6 37. Rf6 Bxg4+ 38. Kg3 Nh8 39. Qd6 Bh5 40. Qe5 Qg4+ 41. Kh2 Qh4+ 42. Kg2 Qg4+ 43. Kh2 1/2-1/2

[Event "FIDE World Junior U20-ch Girls 2025"]
[Site "Petrovac"]
[Date "2025.03.02"]
[Round "6.7"]
[White "Balabayeva, Xeniya"]
[Black "Song, Yuxin"]
[Result "1/2-1/2"]
[Annotator "ChessBase"]
[ECO "E46"]
[WhiteElo "2264"]
[BlackElo "2381"]
[PlyCount "54"]
[EventDate "2025.02.23"]
[EventType "swiss"]
[EventCountry "MNE"]
[SourceTitle "playchess.com"]
[Source "ChessBase"]
[SourceQuality "1"]
[TimeControl "40/5400+30:1800+30"]

1. d4 Nf6 2. c4 e6 3. Nc3 Bb4 4. e3 O-O 5. Bd2 c5 6. a3 Bxc3 7. Bxc3 Ne4 8. Ne2 b6 9. d5 Ba6 10. Qd3 exd5 11. Qxd5 Qe7 12. Rc1 Nc6 13. Ng3 Nxc3 14. Rxc3 Qe6 15. Be2 Ne7 16. Qxe6 dxe6 17. O-O Rfd8 18. b4 Bb7 19. Rb1 Rac8 20. b5 Rd2 21. Rd3 Rxd3 22. Bxd3 Rd8 23. Rb3 Nc8 24. a4 a5 25. bxa6 Bxa6 26. f3 f5 27. Kf2 Kf7 1/2-1/2